 Dungeon Crawl Stone Soup version 0.23.0 (console) character file.

Game seed: 3025632259648319902

194 erker the Shield-Bearer (level 5, -1/33 HPs)
             Began as a Gargoyle Fighter on Feb 9, 2019.
             Killed from afar by an orc wizard (7 damage)
             ... with a puff of flame
             ... on level 4 of the Dungeon.
             The game lasted 00:03:38 (1423 turns).

erker the Shield-Bearer (Gargoyle Fighter)          Turns: 1423, Time: 00:03:39

Health: -1/33      AC: 11    Str: 21    XL:     5   Next: 73%
Magic:  1/1        EV:  8    Int:  8    God:
Gold:   79         SH:  9    Dex:  9    Spells: 4/4 levels left

rFire    . . .     SeeInvis .   i - +2 dagger (antimagic)
rCold    . . .     Gourm    .   c - +0 shield
rNeg     + . .     Faith    .   b - +0 scale mail
rPois    ∞         Spirit   .   (no helmet)
rElec    +         Reflect  .   (no cloak)
rCorr    .         Harm     .   (no gloves)
MR       .....                  (no boots)
Stlth    ..........             (no amulet)
HPRegen  0.11/turn              (no ring)
MPRegen  0.07/turn              (no ring)

@: no status effects
A: negative energy resistance 1, electricity resistance, unbreathing,
petrification resistance, rot immunity, AC +4
a: no special abilities


You were on level 4 of the Dungeon.
You were not hungry.

You visited 1 branch of the dungeon, and saw 3 of its levels.

You collected 79 gold pieces.

Inventory:

Hand Weapons
 a - a +0 war axe
 i - a +2 antimagic dagger (weapon)
Missiles
 e - 8 poisoned needles
Armour
 b - a +0 scale mail (worn)
 c - a +0 shield (worn)
Scrolls
 g - a scroll of remove curse {unknown}
 k - a scroll of teleportation {unknown}
 l - a scroll of enchant armour {unknown}
 o - 2 scrolls of identify {unknown}
 r - a scroll of amnesia {unknown}
Potions
 d - a potion of might
 h - 3 potions of haste {unknown}
 j - 3 potions of mutation {unknown}
 m - 3 potions of resistance {unknown}
 n - 2 potions of curing {unknown}
 p - 2 potions of brilliance {unknown}
Comestibles
 f - 6 rations
 q - 5 chunks of flesh


   Skills:
 + Level 3.8 Fighting
 + Level 3.4 Axes
 + Level 3.9 Armour
 + Level 1.0 Dodging
 + Level 4.5 Shields


You had 4 spell levels left.
You didn't know any spells.
Your spell library was empty.

Dungeon Overview and Level Annotations

Branches:
Dungeon (2/15)

Altars:
Okawaru


Innate Abilities, Weirdness & Mutations

You are resistant to torment.
Your stone body is resilient. (AC +4)
You are immune to poison.
You resist negative energy. (rN+)
You are resistant to electric shocks. (rElec)
You can survive without breathing.
You are immune to petrification.
You are immune to rotting.


Message History

The orc wizard casts a spell at you. The puff of flame hits you!
* * * LOW HITPOINT WARNING * * *
The orc wizard hits you but does no damage.
You hit the orc wizard.
You kill the orc wizard!
The orc wizard gestures wildly while chanting.
The orc wizard seems to speed up.
You closely miss the orc wizard.
The orc wizard is heavily wounded.
You block the orc wizard's attack.
The orc wizard hits you but does no damage.
You miss the orc wizard.
The orc wizard is heavily wounded.
You block the orc wizard's attack.
Your shield and scale mail prevent you from hitting the orc wizard.
The orc wizard is heavily wounded.
The orc wizard casts a spell at you. The puff of flame hits you!
You die...

#.# ##.##...#
#.. ###.....###
#.####...#####
###..#...###
.##...### #
#.#.###
.##.##.#.##
.?........###.#
###....@)......
#####o##.....
#.# ...... #.#
...... ..#
....> ### .....


You could see an orc wizard.

Vanquished Creatures
  2 orc wizards (D:4)
  A worker ant (D:4)
  3 gnolls (D:4)
  3 adders (D:4)
  2 oozes
  3 dart slugs
  2 leopard geckos (D:4)
  4 orcs (D:4)
  3 bats (D:2)
  2 giant cockroaches
  A goblin (D:1)
  5 hobgoblins
  A ball python (D:1)
  3 frilled lizards (D:1)
  9 kobolds
  4 rats (D:1)
48 creatures vanquished.

Notes
Turn   | Place    | Note
-------+----------+-------------------------------------------
     0 | D:1      | erker the Gargoyle Fighter began the quest for the Orb.
     0 | D:1      | Reached XP level 1. HP: 14/14 MP: 1/1
   206 | D:1      | Reached XP level 2. HP: 19/19 MP: 2/2
   370 | D:1      | Reached XP level 3. HP: 18/23 MP: 3/3
  1020 | D:2      | You fall through a shaft for 2 floors!
  1033 | D:4      | Reached XP level 4. HP: 27/28 MP: 1/4
  1040 | D:4      | Reached skill level 4 in Shields
  1232 | D:4      | Found an iron altar of Okawaru.
  1234 | D:4      | Reached XP level 5. HP: 33/33 MP: 5/5
  1245 | D:4      | Reached skill level 1 in Dodging
  1423 | D:4      | Killed from afar by an orc wizard

Skill      XL: |  1  2  3  4  5 |
---------------+----------------+-----
Axes           | 2 3 |  3.4
Shields        | 4 |  4.5
Dodging        | 1 |  1.0
Fighting       | |  3.8
Armour         | |  3.9

Action                   |  1- 3 |  4- 6 || total
-------------------------+-------+-------++-------
Melee: War axe           |    97 |    67 ||   164
       Dagger            |    11 |    40 ||    51
  Eat: Chunk             |       |     2 ||     2
Armor: Scale mail        |    57 |    80 ||   137
Dodge: Dodged            |    44 |    36 ||    80
Block: Shield            |    63 |    61 ||   124
